 Dungeon Crawl Stone Soup version 0.28-b1-25-g9875b3fc8c (webtiles) character file.

Game seed: 2864106058476956366

283 saveriu the Skirmisher (level 6, -1/56 HPs)
             Began as a Hill Orc Fighter on Feb 8, 2022.
             Splashed by a jelly's acid (3 damage)
             ... on level 4 of the Dungeon.
             The game lasted 00:06:26 (4595 turns).

saveriu the Skirmisher (Hill Orc Fighter)           Turns: 4595, Time: 00:06:27

Health: -1/56      AC:  6    Str: 21    XL:     6   Next: 28%
Magic:  6/6        EV:  9    Int:  8    God:
Gold:   201        SH:  4    Dex: 10    Spells: 5/5 levels left

rFire   . . .      SeeInvis .   a - +0 war axe
rCold   . . .      Faith    .   c - +0 buckler
rNeg    . . .      Spirit   .   b - +0 scale mail
rPois   .          Reflect  .   n - +0 helmet
rElec   .          Harm     .   (no cloak)
rCorr   .          Rampage  .   m - +0 pair of gloves
Will    .....                   s - +0 pair of boots
Stlth   ..........              (no amulet)
HPRegen 0.18/turn               (no ring)
MPRegen 0.10/turn               (no ring)

@: weak-willed, corroded
A: no striking features
a: no special abilities


You were on level 4 of the Dungeon.
You visited 1 branch of the dungeon, and saw 4 of its levels.

You collected 201 gold pieces.

Inventory:

Hand Weapons
 a - a +0 war axe (weapon)
Missiles
 q - 4 silver boomerangs (quivered)
Armour
 b - a +0 scale mail (worn)
 c - a +0 buckler (worn)
 m - a +0 pair of gloves (worn)
 n - a +0 helmet (worn)
 s - a +0 pair of boots (worn)
Jewellery
 j - a +4 ring of evasion
Scrolls
 r - a scroll of immolation
Potions
 d - 3 potions of might
 e - a potion of curing
 g - 2 potions of brilliance
 i - a potion of mutation
 k - a potion of flight
 p - a potion of degeneration
 u - a potion of attraction {unknown}


   Skills:
 + Level 5.2 Fighting
 + Level 4.7 Axes
 + Level 4.6 Armour
 + Level 4.6 Shields


You had 5 spell levels left.
You didn't know any spells.
Your spell library was empty.

Dungeon Overview and Level Annotations

Branches:
Dungeon (4/15)
 Temple: D:4-7

Altars:
Wu Jian

Shops:
D:1 *


Message History

The orc wizard is almost dead.
The orc wizard points at you and mumbles some strange words.
You are confused.
You slash the orc wizard!
You kill the orc wizard!
The ogre closely misses you.
You closely miss the ogre. The ogre closely misses you.
You bump into the rock wall.
You bump into the rock wall.
The ogre hits you with a +0 giant club.
You slash the ogre!
The ogre is heavily wounded.
The ogre barely misses you.
You hit the ogre.
The ogre is heavily wounded.
You feel less confused.
The ogre hits you with a +0 giant club!!
You barely miss the ogre.
The ogre is heavily wounded.
You block the ogre's attack.
You hit the ogre.
The ogre is severely wounded.
The ogre hits you with a +0 giant club.
You slash the ogre!
You kill the ogre!
Your Fighting skill increases to level 5!
You have reached level 6!
You hit the jelly.
Your hands burn!
* * * LOW HITPOINT WARNING * * *
The jelly is lightly wounded.
The jelly hits you.
* * * LOW HITPOINT WARNING * * *
The acid corrodes you!
You are splashed with acid!
* * * LOW HITPOINT WARNING * * *
You block the jelly's attack.
You hit the jelly.
Your hands burn!
* * * LOW HITPOINT WARNING * * *
The jelly is lightly wounded.
The jelly closely misses you.
You slash the jelly!
Your hands burn!
You die...

*,,,*,,,,,,,*,,*,,********
*,*** *,,,******,,,..,,,*
*,,,, *,,,*******,*#.**,*
**,,,, *,,,*,,,*
*,,..,,,*####### *,,,,,
*,,,*,,,#***##.****#..>..#
*,**,*
,,,,,,,,...,,..*####....)#
*,**,*
,,,,,,,,....##.*#........#
*,**,*
,,,,,,,,.......##.##.....#
*,**,*
*,,,*,,,*,#...JJ@.##.....#
*,**,*
*,,,*,,,*,##.#.###########
*,,,,, *,,,*****,,,...*
****,* *,,,*** *,....O*
*,* *,,,,,*
#.##.#.********** *,*
*,,,*,* #,*#...,,,,,,,,,*
*,* *,,,*,*
*,*#*#.********,*******,*
*****,* *,***#.*
*,,,,,,,,,*
,,,,,,***,,,,,,*
***********


You could see a jelly and an endoplasm.

Vanquished Creatures
  An ogre (D:4)
  An orc wizard (D:4)
  2 hound skeletons
  3 adders
  4 gnolls (D:2)
  2 worms
  5 dart slugs
  A ball python (D:1)
  8 bats
  8 endoplasms
  3 giant cockroaches
  4 goblins
  4 hobgoblins
  8 jackals
  6 kobolds
  2 quokkas (D:2)
  6 rats
68 creatures vanquished.

Vanquished Creatures (others)
  A fungus (D:3)
  A plant (D:3)
2 creatures vanquished.

Grand Total: 70 creatures vanquished

Notes
Turn   | Place    | Note
-------+----------+-------------------------------------------
     0 | D:1      | saveriu the Hill Orc Fighter began the quest for the Orb.
     0 | D:1      | Reached XP level 1. HP: 19/19 MP: 1/1
    64 | D:1      | Reached XP level 2. HP: 23/27 MP: 2/2
   395 | D:1      | Found Roxtuc's Assorted Antiques.
   421 | D:1      | Reached skill level 4 in Fighting
   720 | D:1      | Reached XP level 3. HP: 31/33 MP: 3/3
  1501 | D:2      | Found an ornate altar of the Wu Jian Council.
  2054 | D:2      | Reached XP level 4. HP: 41/41 MP: 4/4
  2148 | D:2      | Reached XP level 5. HP: 32/47 MP: 5/5
  4254 | D:3      | Found a faded altar of an unknown god.
  4578 | D:4      | Noticed an ogre
  4592 | D:4      | Killed an ogre
  4593 | D:4      | Reached skill level 5 in Fighting
  4593 | D:4      | Reached XP level 6. HP: 18/56 MP: 6/6
  4594 | D:4      | HP: 2/56 [acid (1)]
  4595 | D:4      | Splashed by a jelly's acid

Illustrated notes

Levels and vault maps discovered:
D:1:      dpeg_arrival_leaves_temple_mockup, layout_loops_ring, serial_shops,
          shop, nicolae_wormholes
D:2:      layout_loops_corners, basic_altar
D:3:      layout_basic, shapermc_ecumenical_altar_hornbeckon
D:4:      layout_loops_cross, minmay_a_box_with_orc_wizards_in_it

Skill      XL: |  1  2  3  4  5 |
---------------+----------------+-----
Axes           | 3 4 |  4.7
Fighting       | 4 5 |  5.2
Armour         | 4 |  4.6
Shields        | 4 |  4.6

Action                   |  1- 3 |  4- 6 || total
-------------------------+-------+-------++-------
Melee: War axe           |    84 |   112 ||   196
  Use: Scroll            |       |    10 ||    10
Armor: Scale mail        |    55 |    40 ||    95
Dodge: Dodged            |    39 |    45 ||    84
Block: Buckler           |    22 |    29 ||    51
